 Dungeon Crawl Stone Soup version 0.29.1-2-gbd0b4ee654 (webtiles) character file.

Game seed: 17720546885212620067

16 GorkyZ the Shield-Bearer (level 2, -1/24 HPs)
             Began as a Formicid Fighter on Nov 22, 2022.
             Slain by an ogre
             ... wielding a +0 giant spiked club
              (24 damage)
             ... on level 4 of the Dungeon.
             The game lasted 00:01:59 (616 turns).

GorkyZ the Shield-Bearer (Formicid Fighter)          Turns: 616, Time: 00:02:00

Health: -1/24      AC:  6    Str: 20    XL:     2   Next: 70%
Magic:  2/2        EV:  9    Int:  7    God:
Gold:   44         SH:  5    Dex: 13    Spells: 1/1 levels left

rFire   . . .      SeeInvis +   a - +0 war axe
rCold   . . .      Faith    .   c - +0 buckler
rNeg    . . .      Spirit   .   b - +0 scale mail
rPois   .          Reflect  .   (helmet unavailable)
rElec   .          Harm     .   (no cloak)
rCorr   .          Rampage  .   (no gloves)
Will    .....                   (no boots)
Stlth   ..........              (no amulet)
HPRegen 0.08/turn               (no ring)
MPRegen 0.08/turn               (no ring)

@: no status effects
A: permanent stasis, dig shafts and tunnels, antennae 3, four strong arms
a: Dig, Shaft Self


You were on level 4 of the Dungeon.
You visited 1 branch of the dungeon, and saw 3 of its levels.

You collected 44 gold pieces.

Inventory:

Hand Weapons
 a - a +0 war axe (weapon)
Armour
 b - a +0 scale mail (worn)
 c - a +0 buckler (worn)
Jewellery
 g - a ring of magical power
Scrolls
 e - a scroll of identify {unknown}
 f - 2 scrolls of amnesia {unknown}
 j - a scroll of teleportation {unknown}
 l - a scroll of enchant weapon {unknown}
Potions
 d - 2 potions of might
 h - a potion of invisibility {unknown}
 i - a potion of lignification {unknown}
 k - a potion of attraction {unknown}


   Skills:
 + Level 3.4 Fighting
 * Level 2.1(2.2) Axes
 + Level 0.3(1.3) Polearms
 + Level 0.5 Throwing
 + Level 3.3 Armour
 + Level 0.4 Dodging
 + Level 4.1 Shields
 + Level 0.4 Evocations


You had one spell level left.
You didn't know any spells.
Your spell library contained the following spells:

 Spells                   Type           Power      Damage    Failure   Level
 Magic Dart               Conj           0%         1d3       85%         1
 Call Imp                 Summ           0%         N/A       94%         2
 Dazzling Flash           Conj/Hex       0%         N/A       99%         3
 Mephitic Cloud           Conj/Pois/Air  0%         N/A       99%         3
 Iskenderun's Mystic Bla  Conj/Tloc      0%         2d3       100%        4
 Starburst                Conj/Fire      0%         6d3       100%        6


Dungeon Overview and Level Annotations

Branches:
Dungeon (2/15)

Altars:


Innate Abilities, Weirdness & Mutations

You cannot be hasted, slowed, berserked, paralysed or teleported.
You can dig through walls and to a lower floor.
You have a pair of large antennae on your head. (SInv)
Your four strong arms can wield two-handed weapons with a shield.


Message History

You barely miss the kobold. The kobold hits you but does no damage.
You hit the kobold.
You kill the kobold!
No target in view!
Things that are here:
a +0 club; 4 stones; a kobold corpse You open the door.
There is an open door here.
Done exploring.
Done exploring.
There is a stone staircase leading down here.
You climb downwards.
Found a book of Spectacle, 8 gold pieces and a dark potion.
There is a stone staircase leading up here.
You pick up a book of Spectacle and begin reading...
You add the spells Dazzling Flash, Iskenderun's Mystic Blast and Starburst to your library.
k - a dark potion A sourceless malevolence fills the Dungeon...
You fall into a shaft and drop 2 floors!
The shaft crumbles and collapses.
Found 8 gold pieces.
You now have 44 gold pieces (gained 8).
Found a scroll labelled XITEERICIG.
l - a scroll labelled XITEERICIG An ogre comes into view.
It is wielding a +0 giant spiked club.
The ogre shouts!
The ogre moves out of view.
A quokka comes into view.
The quokka bites you.
You miss the quokka. The quokka closely misses you.
The quokka bites you but does no damage.
You hit the quokka.
The quokka is heavily wounded.
The quokka bites you but does no damage.
You hit the quokka.
You kill the quokka!
You slash the ogre!
The ogre hits you with a +0 giant spiked club!!
Ouch! That really hurt!
You die...

#.....# #.#
##.##.# # #.#
#.##.#.# #.#
#.##.#.# #.#
#.##...# #.#
#.##.#########.#
#.##...........#
#.##†###########
#.##@# #.##O#
#.##.# #.##.###
#.##...#
#.####.# #.##
#.# #..# #.#
##.# #.#


You could see an ogre.

Vanquished Creatures
  A dart slug (D:1)
  A bat (D:1)
  2 endoplasms (D:1)
  2 goblins (D:1)
  A hobgoblin (D:1)
  A kobold (D:1)
  2 quokkas
  A ball python (D:1)
  A frilled lizard (D:1)
  A rat (D:1)
13 creatures vanquished.

Notes
Turn   | Place    | Note
-------+----------+-------------------------------------------
     0 | D:1      | GorkyZ the Formicid Fighter began the quest for the Orb.
     0 | D:1      | Reached XP level 1. HP: 18/18 MP: 1/1
   110 | D:1      | Reached XP level 2. HP: 24/24 MP: 2/2
   541 | D:2      | You fall into a shaft and drop 2 floors!
   568 | D:4      | Noticed an ogre
   616 | D:4      | Slain by an ogre

Illustrated notes

Levels and vault maps discovered:
D:1:      dpeg_arrival_rooms_b, layout_rooms
D:2:      layout_rooms, serial_curves, eino_curves_03, eino_curves_04,
          uniq_crazy_yiuf_cottage, uniq_sigmund, uniq_terence
D:4:      layout_loops_ring, serial_shops, nicolae_shop_hallway_plus, uniq_robin

Action                   || total
-------------------------++-------
Melee: War axe           ||    44
Armor: Scale mail        ||    19
Dodge: Dodged            ||    15
Block: Buckler           ||     9
